 Dungeon Crawl Stone Soup version 0.25-a0-310-g60f0ac2d9a (webtiles) character file.

Game seed: 12923289700555094975, levelgen mode: deterministic

32 Lanoc the Caller (level 3, -4/27 HPs)
             Began as an Ogre Summoner on Dec 23, 2019.
             Was a Follower of Hepliaklqana.
             Slain by an adder (5 damage)
             ... on level 2 of the Dungeon.
             The game lasted 00:03:18 (1000 turns).

Lanoc the Caller (Ogre Summoner)                    Turns: 1000, Time: 00:03:18

Health: -4/27      AC:  3    Str: 17    XL:     3   Next: 27%
Magic:  3/7        EV: 10    Int: 17    God:    Hepliaklqana [*.....]
Gold:   54         SH:  0    Dex:  9    Spells: 5/8 levels left

rFire    . . .     SeeInvis .   h - +3 dagger
rCold    . . .     Gourm    .   (no shield)
rNeg     . . .     Faith    .   a - +0 robe
rPois    .         Spirit   .   (helmet restricted)
rElec    .         Reflect  .   (no cloak)
rCorr    .         Harm     .   (gloves unavailable)
MR       .....                  (boots unavailable)
Stlth    +.........             (no amulet)
HPRegen  0.09/turn              (no ring)
MPRegen  0.10/turn              (no ring)

@: mighty, very slightly contaminated
A: large, unfitting armour, reduced essence, tough skin 1
a: Recall Ancestor, Ancestor Identity, Renounce Religion


You were on level 2 of the Dungeon.
You worshipped Hepliaklqana.
Hepliaklqana was aware of your devotion.
You were not hungry.

You visited 1 branch of the dungeon, and saw 2 of its levels.

You collected 54 gold pieces.

Inventory:

Hand Weapons
 h - a +3 dagger (weapon)
Armour
 a - a +0 robe (worn)
Jewellery
 b - an uncursed ring of see invisible {unknown}
Scrolls
 e - 4 scrolls of teleportation {unknown}
 g - 3 scrolls of identify {unknown}
 i - 2 scrolls of blinking {unknown}
 k - a scroll of magic mapping {unknown}
Potions
 d - a potion of cancellation {unknown}
 f - a potion of might
 j - a potion of haste {unknown}
 l - a potion of curing {unknown}
 m - a potion of heal wounds {unknown}
Comestibles
 c - 2 rations


   Skills:
 + Level 2.3 Dodging
 - Level 1.4 Stealth
 + Level 3.0 Spellcasting
 + Level 4.0 Summonings


You had 5 spell levels left.
You knew the following spells:

 Your Spells              Type           Power        Failure   Level  Hunger
a - Summon Small Mammal   Summ           ###.         3%          1    None
b - Call Imp              Summ           ###.....     4%          2    ##.....

Your spell library contained the following spells:

 Spells                   Type           Power        Failure   Level  Hunger
 Call Canine Familiar     Summ           ###.....     10%         3    ###....
 Summon Guardian Golem    Hex/Summ       #.......     22%         3    ###....
 Summon Ice Beast         Ice/Summ       #.......     58%         4    ####...
 Summon Lightning Spire   Summ/Air       #.......     58%         4    ####...


Dungeon Overview and Level Annotations

Branches:
Dungeon (2/15)

Altars:
Hepliaklqana


Innate Abilities, Weirdness & Mutations

You are too large for most types of armour.
You have tough skin. (AC +1)
Your life essence is reduced to manifest your ancestor. (-10% HP)


Message History

The bat hits Ankherfenedjef but does no damage.
The adder bites you.
* * * LOW HITPOINT WARNING * * *
Ankherfenedjef misses the bat.
The bat hits Ankherfenedjef.
Casting: Call Imp (safe; 4% risk of failure)
Confirm with . or Enter, or press ? or * to list all spells.
A shadowy apparition takes form in the air.
The bat barely misses Ankherfenedjef.
The adder bites you.
* * * LOW HITPOINT WARNING * * *
The bat barely misses Ankherfenedjef.
Ankherfenedjef closely misses the bat.
The adder bites you.
* * * LOW HITPOINT WARNING * * *
The bat barely misses Ankherfenedjef.
The bat barely misses Ankherfenedjef.
The bat closely misses Ankherfenedjef.
Ankherfenedjef misses the bat.
The bat closely misses Ankherfenedjef.
Your shadow imp closely misses the adder.
It was a potion of might.
You feel very mighty all of a sudden.
The bat misses Ankherfenedjef.
The adder bites you.
You die...

#..≈≈≈≈.♣.≈≈≈.≈#
#.≈≈≈≈≈≈≈≈≈≈≈≈.#
#...≈≈≈≈≈≈≈≈≈.≈#
#...≈≈≈≈≈≈≈≈≈..#
#..≈≈..≈≈.≈.≈..#
#.≈..≈.≈≈.≈....#
#.#†##.#########
#.#.†..# #@#.####
♣♣♣#S#.###
♣.†.5#...#
♣.♣#.#...# ### ♣.
#R#...#####... ..
#.#...............
.♣
#b#.##............
.
#.#.##.(.........l
#.#.##............


You could see the friendly Ankherfenedjef the ancestor, an adder, a bat and a
friendly shadow imp.

Vanquished Creatures
  3 hobgoblins (D:1)
  A kobold (D:1)
  A quokka (D:2)
  A ball python (D:1)
  2 bats (D:1)
  3 frilled lizards
  2 rats
13 creatures vanquished.

Vanquished Creatures (collateral kills)
  An adder (D:2)
  A gnoll (D:1)
  A leopard gecko (D:1)
  A giant cockroach (D:1)
  3 goblins (D:1)
  2 jackals (D:1)
  2 frilled lizards (D:1)
  2 kobolds (D:1)
  A rat (D:2)
14 creatures vanquished.

Grand Total: 27 creatures vanquished

Notes
Turn   | Place    | Note
-------+----------+-------------------------------------------
     0 | D:1      | Lanoc the Ogre Summoner began the quest for the Orb.
     0 | D:1      | Reached XP level 1. HP: 16/16 MP: 3/3
   228 | D:1      | Reached XP level 2. HP: 17/24 MP: 3/5
   490 | D:1      | Learned a level 2 spell: Call Imp
   906 | D:2      | Reached XP level 3. HP: 24/31 MP: 7/7
   953 | D:2      | Reached skill level 4 in Summonings
   958 | D:2      | Found a faded altar of an unknown god.
   978 | D:2      | Became a worshipper of Hepliaklqana the Forgotten
   978 | D:2      | Reached * piety under Hepliaklqana
   998 | D:2      | HP: 1/27 [adder (1)]
  1000 | D:2      | Slain by an adder

Levels and vault maps discovered:
D:1:      dpeg_arrival_pits, layout_basic, minmay_misc_feat_five
D:2:      kb_forest_paths, layout_basic, chequers_ecumenical_altar_island

Skill      XL: |  1  2  3 |
---------------+----------+-----
Dodging        | 2 |  2.3
Spellcasting   | 3 |  3.0
Summonings     | 4 |  4.0
Stealth        | |  1.4

Action                   || total
-------------------------++-------
Melee: Unarmed           ||    65
       Dagger            ||    36
 Cast: Summon Small Mamm ||    16
       Call Imp          ||     6
  Use: Potion            ||     1
  Eat: Chunk             ||     1
Armor: Robe              ||    54
Dodge: Dodged            ||    92

Table legend:
 A = Non-vault XP
 B = Vault XP
 C = Vault XP percentage of total XP
 D = Non-vault monster count
 E = Vault monster count
 F = Vault count percentage of total count
                 A         B        C        D         E       F
            +---------+---------+-------+---------+---------+-------
      Total |      47 |       0 |   0.0 |      27 |       0 |   0.0
            +---------+---------+-------+---------+---------+-------
        D:1 |      32 |       0 |   0.0 |      21 |       0 |   0.0
        D:2 |      15 |       0 |   0.0 |       6 |       0 |   0.0
            +---------+---------+-------+---------+---------+-------
